 Dungeon Crawl Stone Soup version 0.30.0-10-gfe55d96785 (webtiles) character file.

Game seed: 1584809259607180477

127 Danienth the Grave Robber (level 5, 0/36 HPs)
             Began as a Human Necromancer on May 14, 2023.
             Was an Initiate of Sif Muna.
             Slain by a cerulean imp
             ... wielding a +2 spear
             ... summoned by Natasha
              (2 damage)
             ... on level 4 of the Dungeon.
             The game lasted 00:13:55 (1938 turns).

Danienth the Grave Robber (Human Necromancer)       Turns: 1938, Time: 00:13:56

Health: 0/36       AC:  6    Str:  9    XL:     5   Next: 33%
Magic:  9/9        EV: 13    Int: 17    God:    Sif Muna [......]
Gold:   132        SH:  0    Dex: 16    Spells: 8/9 levels left

rFire   . . .        e - +0 dagger (speed)
rCold   . . .        (no shield)
rNeg    . . .        a - +1 robe
rPois   .            (no helmet)
rElec   .            (no cloak)
rCorr   .            i - +2 pair of gloves {Dex+3}
SInv    .            (no boots)
Will    .....        (no amulet)
Stlth   ++           (no ring)
HPRegen 0.26/turn    (no ring)
MPRegen 0.11/turn

%: no passive effects
@: slowed, very slow
A: no striking features
a: Renounce Religion


You were on level 4 of the Dungeon.
You worshipped Sif Muna.
Sif Muna was noncommittal.
You visited 1 branch of the dungeon, and saw 4 of its levels.

You collected 132 gold pieces.

Inventory:

Hand Weapons
 b - a +0 short sword
 d - a +0 dagger
 e - a +0 dagger of speed (weapon)
Missiles
 h - 4 poisoned darts (quivered)
Armour
 a - a +1 robe (worn)
 f - a +1 ring mail of fire resistance
 i - a +2 pair of gloves of dexterity (worn)
Scrolls
 j - 3 scrolls of amnesia
Potions
 c - a potion of curing {unknown}
 k - a potion of might


   Skills:
 + Level 0.4 Fighting
 * Level 2.7 Dodging
 * Level 2.8 Stealth
 + Level 2.8 Spellcasting
 + Level 5.0 Necromancy


You had 8 spell levels left.
You knew the following spells:

 Your Spells              Type           Power      Damage    Failure   Level
a - Necrotise             Necr           76%        1d7       2%          1

Your spell library contained the following spells:

 Spells                   Type           Power      Damage    Failure   Level
 Vampiric Draining        Necr           19%        2d7       7%          3
 Animate Dead             Necr           19%        N/A       22%         4
 Agony                    Necr           19%        N/A       54%         5


Dungeon Overview and Level Annotations

Branches:
Dungeon (4/15)
 Temple: D:4-7

Altars:
Elyvilon
Sif Muna
Trog

Shops:
D:3 :

Annotations:
D:4 Menkaure, Natasha


Message History

Found a spear.
Throw: 6 darts (poison)
Press: ? - help, Q - select action, (/) - cycle Shift-Dir - straight line, f - Natasha
Aim: Natasha (asleep, 98% to hit)
You throw a poisoned dart. The poisoned dart hits Natasha.
Natasha hisses angrily.
Natasha stares at you and mumbles some strange words.
You feel yourself slow down.
Menkaure, Prince of Dust comes into view.
Menkaure shouts!
Throw: 5 darts (poison)
Press: ? - help, Q - select action, (/) - cycle Shift-Dir - straight line, f - Menkaure, p - Natasha
Aim: Menkaure (74% to hit)
You throw a poisoned dart. The poisoned dart hits Menkaure.
Natasha mumbles some strange words.
Menkaure casts a spell.
Menkaure seems to speed up.
As you read the scroll labelled FYBOIX HEUVUV, it crumbles to dust.
It is a scroll of enchant armour.
Your +0 robe glows green for a moment.
A phantom comes into view.
Natasha stares at you and mumbles some strange words.
The magic dart hits you.
Menkaure points at you and mumbles some strange words.
Pain shoots through your body!
Natasha wildly gestures.
Natasha's front paws start to glow.
The cerulean imp barely misses you.
Menkaure grins.
Menkaure attacks as you move away! Menkaure hits you!
* * * LOW HITPOINT WARNING * * *
Menkaure points at you and mumbles some strange words.
You barely resist.
The cerulean imp hits you from afar with a +2 spear.
* * * LOW HITPOINT WARNING * * *
Menkaure calls on the powers of darkness!
You feel a surge of unholy energy. The cerulean imp completely misses you.
Menkaure calls on the powers of darkness!
Natasha convulses!
You feel a surge of unholy energy.
The cerulean imp hits you from afar with a +2 spear.
You die...

#..####..##................
....#...##...............#.
.......###..###............
......###..## #....#...W(.)
.....####..# ##......#
.....###..## ##Mh.h..#
.#.........####.5###......
######.....##.....###......
##.......#.@........#.
#.....##...#......##
##.....##.........##....#.# ##
###....#....................##
.###.................##.........#
..#..................##..........
....#................##..........
.#).#............................
###)#...#...... .............


You could see Menkaure (fast), Natasha and a cerulean imp (summoned).

Vanquished Creatures
  A jelly (D:4)
  An orc priest (D:3)
  An orc wizard (D:4)
  An adder (D:2)
  3 worms (D:3)
  A dart slug (D:3)
  4 orcs
  2 endoplasms (D:3)
  A goblin (D:4)
  A quokka (D:3)
  2 ball pythons (D:2)
  A frilled lizard (D:3)
  3 kobolds
  3 rats (D:3)
25 creatures vanquished.

Notes
Turn   | Place    | Note
-------+----------+-------------------------------------------
     0 | D:1      | Danienth the Human Necromancer began the quest for the Orb.
     0 | D:1      | Reached XP level 1. HP: 13/13 MP: 3/3
    50 | D:1      | You fall into a shaft and drop 1 floor!
    71 | D:2      | Reached XP level 2. HP: 19/19 MP: 0/5
   250 | D:3      | Found a faded altar of an unknown god.
   253 | D:3      | Prayed at the altar of an unknown god.
   253 | D:3      | Became a worshipper of Elyvilon the Healer
   253 | D:3      | Reached * piety under Elyvilon
   255 | D:3      | Fell from the grace of Elyvilon
   425 | D:4      | Reached XP level 3. HP: 3/24 MP: 0/6
   583 | D:4      | Reached XP level 4. HP: 11/31 MP: 0/7
   978 | D:3      | Found Wegexen's Book Emporium.
  1086 | D:3      | Noticed a moth of wrath
  1089 | D:3      | Found a bloodstained altar of Trog.
  1358 | D:3      | Found a white marble altar of Elyvilon.
  1360 | D:3      | Found a shimmering blue altar of Sif Muna.
  1368 | D:3      | Became a worshipper of Sif Muna the Loreminder
  1664 | D:4      | Reached XP level 5. HP: 36/36 MP: 4/8
  1730 | D:4      | Reached skill level 5 in Necromancy
  1928 | D:4      | Noticed Natasha
  1931 | D:4      | Noticed Menkaure
  1933 | D:4      | Noticed a phantom
  1936 | D:4      | HP: 1/36 [cerulean imp/+2 spear[Natasha] (4)]
  1938 | D:4      | Slain by a cerulean imp

Illustrated notes

Levels and vault maps discovered:
D:1:      dpeg_arrival_brainrot, layout_basic
D:2:      layout_loops_ring, amcnicky_mini_pool_small,
          nicolae_nh_oracle_at_delphi
D:3:      cheibrodos_pilgrimage, layout_rooms,
          chequers_temple_overflow_statue_of_worship, tgw_trog, serial_shops,
          shop_fountains, nicolae_ecumenical_pavilion,
          minmay_misc_feat_diagonals, minmay_misc_feat_rows,
          kennysheep_generic_room_6
D:4:      layout_layer_cave, kennysheep_decorative_pillar, uniq_natasha,
          uniq_menkaure, uniq_sigmund

Skill      XL: |  1  2  3  4  5 |
---------------+----------------+-----
Necromancy     | 5 |  5.0
Fighting       | |  0.4
Dodging        | |  2.7
Stealth        | |  2.8
Spellcasting   | |  2.8

Action                     |  1- 3 |  4- 6 || total
---------------------------+-------+-------++-------
  Melee: Unarmed           |     3 |       ||     3
         Short sword       |     5 |     6 ||    11
  Throw: Dart              |       |     2 ||     2
   Cast: Necrotise         |    27 |    41 ||    68
 Invoke: Renounce Religion |     1 |       ||     1
    Use: Scroll            |     3 |     5 ||     8
         Potion            |     2 |       ||     2
 Armour: Robe              |     1 |       ||     1
  Dodge: Dodged            |    11 |     7 ||    18
